 Seeded DCSS version 0.30.0-11-gf55b779eaf (webtiles) character file.

Game seed: 3676109772875937564 (custom seed)

191 GigaChad the Shield-Bearer (level 6, 29/48 HPs)
             Began as a Formicid Fighter on May 17, 2023.
             Quit the game on level 3 of the Dungeon.
             The game lasted 00:02:06 (2090 turns).

GigaChad the Shield-Bearer (Formicid Fighter)       Turns: 2090, Time: 00:02:06

Health: 29/48      AC: 14    Str: 23    XL:     6   Next: 1%
Magic:  6/6        EV:  9    Int: 10    God:
Gold:   113        SH:  5    Dex: 13    Spells: 5/5 levels left

rFire   + . .        i - +8 war axe "Nyofue Qiuck" {protect, Drain rF+ Int+3}
rCold   . . .        c - +0 buckler
rNeg    . . .        b - +0 scale mail
rPois   .            (helmet unavailable)
rElec   .            (no cloak)
rCorr   .            (no gloves)
SInv    +            (no boots)
Will    .....        (no amulet) Stlth
                     (no ring)
HPRegen 0.28/turn    (no ring)
MPRegen 0.10/turn

%: no passive effects
@: mildly poisoned (29 -> 26), under a protective aura
A: permanent stasis, dig shafts and tunnels, antennae 3, four strong arms
a: Dig, Shaft Self


You were on level 3 of the Dungeon.
You visited 1 branch of the dungeon, and saw 3 of its levels.

You collected 113 gold pieces.

Inventory:

Hand Weapons
 a - a +0 war axe
 i - the +8 war axe "Nyofue Qiuck" (weapon) {protect, Drain rF+ Int+3}
   (You acquired it on level 2 of the Dungeon)

   Int:       It affects your intelligence (+3).
   rF:        It protects you from fire.
   Drain:     It drains your maximum health when unequipped.
 s - a +4 quarterstaff of chaos
Armour
 b - a +0 scale mail (worn)
 c - a +0 buckler (worn)
 t - a +0 cloak
Jewellery
 r - a ring of protection from fire
Scrolls
 f - a scroll of magic mapping {unknown}
 l - a scroll of poison {unknown}
 m - a scroll of blinking {unknown}
 n - a scroll of enchant armour {unknown}
 o - a scroll of teleportation {unknown}
Potions
 d - 2 potions of might
 e - 4 potions of curing {unknown}
 g - 2 potions of invisibility {unknown}
 h - a potion of mutation {unknown}
 j - 2 potions of heal wounds
 k - 2 potions of degeneration {unknown}
 p - a potion of lignification {unknown}
 q - a potion of flight {unknown}


   Skills:
 * Level 4.0 Fighting
 * Level 4.1 Axes
 * Level 4.3 Armour
 * Level 4.9 Shields


You had 5 spell levels left.
You didn't know any spells.
Your spell library contained the following spells:

 Spells                   Type           Power      Damage    Failure   Level
 Beastly Appendage        Tmut           0%         N/A       73%         1
 Wereblood                Tmut           0%         N/A       86%         2
 Spider Form              Tmut/Pois      0%         N/A       97%         3


Dungeon Overview and Level Annotations

Branches:
Dungeon (3/15)

Altars:
Cheibriados

Shops:
D:2 [


Innate Abilities, Weirdness & Mutations

You cannot be hasted, slowed, berserked, paralysed or teleported.
You can dig through walls and to a lower floor.
You have a pair of large antennae on your head. (SInv)
Your four strong arms can wield two-handed weapons with a shield.


Message History

Found a hammer.
Found a runed translucent door.
No target in view!
Crazy Yiuf shouts!
No reachable target in view!
Could not explore, unopened runed door.
No reachable target in view!
Could not explore, unopened runed door.
No reachable target in view!
Could not explore, unopened runed door.
No reachable target in view!
As you open the door, it creaks loudly!
Crazy Yiuf laughs, "You tortoise hand!"
You slash Crazy Yiuf!
Your weapon exudes an aura of protection.
Crazy Yiuf is heavily wounded.
Crazy Yiuf drinks a potion.
Crazy Yiuf is healed!
You slash Crazy Yiuf!
Crazy Yiuf is severely wounded.
Crazy Yiuf glowers.
Crazy Yiuf hits you with a +4 quarterstaff of chaos!
You are poisoned.
You block Crazy Yiuf's attack.
You barely miss Crazy Yiuf.
Crazy Yiuf is severely wounded.
You feel very sick. Crazy Yiuf hits you but does no damage.
You hit Crazy Yiuf.
You kill Crazy Yiuf!
You feel very sick.
Your Axes skill increases to level 4!
You have reached level 6!
You feel sick.
j - 2 potions of heal wounds (gained 1)
There is an open translucent door, spattered with blood here.
Things that are here:
a +4 quarterstaff of chaos; a +0 cloak; the gnoll corpse of Crazy Yiuf You feel sick.
s - a +4 quarterstaff of chaos;
t - a +0 cloak You feel sick.
Are you sure you want to abandon this character and quit the game? (Confirm with "yes".)

# ##....##
#..............#
####..#
#..............#
####### ##.#
######........##
......######
#.......##
#####......#
##### #.......#
######## #)..#
#.......# #...#
#.......# #...#
##.###### #@#
#.# ♣.♣♣ #.#
♣♣.♣ #.# ♣.♣♣
#.# ♣♣.♣ #.#
♣♣.♣♣ #.# ♣♣...♣
#.# ♣....♣ #.#
#....# #.#


There were no monsters in sight!

Vanquished Creatures
  An orc priest (D:3)
  Crazy Yiuf (D:3)
  2 orc wizards (D:3)
  3 adders
  3 worms
  A dart slug (D:2)
  An orc (D:3)
  A bat (D:2)
  4 endoplasms (D:2)
  4 giant cockroaches
  2 goblins (D:3)
  3 hobgoblins
  8 kobolds
  A quokka (D:3)
  5 ball pythons
  3 frilled lizards
  10 rats
53 creatures vanquished.

Notes
Turn   | Place    | Note
-------+----------+-------------------------------------------
     0 | D:1      | GigaChad the Formicid Fighter began the quest for the Orb.
     0 | D:1      | Reached XP level 1. HP: 18/18 MP: 1/1
   149 | D:1      | You fall into a shaft and drop 1 floor!
   168 | D:2      | Reached XP level 2. HP: 19/24 MP: 2/2
   194 | D:2      | Identified the +8 mace of Extermination {protect, rC+}
   415 | D:2      | Reached XP level 3. HP: 29/29 MP: 3/3
   637 | D:2      | Found Rurhum's Antique Armour Boutique.
   643 | D:2      | Identified a scroll of acquirement
   644 | D:2      | Acquired the +8 war axe "Nyofue Qiuck" {protect, Drain rF+
                  | Int+3}
  1082 | D:2      | Reached XP level 4. HP: 28/37 MP: 4/4
  1336 | D:3      | Found a snail-covered altar of Cheibriados.
  1508 | D:3      | Reached XP level 5. HP: 12/42 MP: 5/5
  1508 | D:3      | HP: 1/42 [orc priest/nerve-wracking pain (11)]
  1761 | D:3      | Found a glowing drain.
  2078 | D:3      | Found a runed translucent door.
  2079 | D:3      | Noticed Crazy Yiuf
  2086 | D:3      | Killed Crazy Yiuf
  2087 | D:3      | Reached XP level 6. HP: 32/48 MP: 6/6
  2090 | D:3      | Quit the game

Illustrated notes

Levels and vault maps discovered:
D:1:      sevenhm_arrival_forest_fort_small_6, layout_rooms,
          serial_park_tiny_pond
D:2:      layout_loops_ring, serial_co_window_serial, co_window_paths_a,
          co_window_paths_a, co_window_paths_a, co_window_paths_a,
          co_window_paths_a, co_window_broadway_c, co_window_unsneaky_path_b,
          co_window_corner_ca, co_window_corner_cb, co_window_paths_e,
          co_window_paths_d, glass_columns_a, serial_shops, shop
D:3:      layout_rooms, mainiacjoe_overflow_concentric_impassable,
          portal_sewer_entry_e, uniq_crazy_yiuf_cottage

Skill      XL: |  1  2  3  4  5 |
---------------+----------------+-----
Armour         | 4 |  4.3
Axes           | 3 4 |  4.1
Fighting       | 4 |  4.0
Shields        | |  4.9

Action                     |  1- 3 |  4- 6 || total
---------------------------+-------+-------++-------
  Melee: War axe           |    61 |    49 ||   110
    Use: Scroll            |     2 |       ||     2
 Armour: Scale mail        |    26 |    22 ||    48
  Dodge: Dodged            |    34 |    19 ||    53
  Block: Buckler           |    10 |     7 ||    17
